 Dungeon Crawl Stone Soup version 0.17-a0-1337-ge651487 (webtiles) character file.

4847 bal the Stinger (level 10, -1/70 HPs)
             Began as a Demonspawn Venom Mage on June 9, 2015.
             Was an Initiate of Ru.
             Slain by a cyan ugly thing (12 damage)
             ... on level 10 of the Dungeon on June 10, 2015.
             The game lasted 00:58:44 (7766 turns).

bal the Stinger (Demonspawn Venom Mage)             Turns: 7766, Time: 00:58:45

Health: -1/70      AC: 10    Str:  8    XL:     10   Next: 25%
Magic:  5/19       EV: 15    Int: 19    God:    Ru [......]
Gold:   524        SH:  0    Dex: 15    Spells: 4 memorised, 11 levels left

rFire  . . .     SeeInvis .     a - +1 whip (flame)
rCold  + + .     Clarity  .     B - +3 leather armour {rC+}
rNeg   . . .     SustAt   .     (no shield)
rPois  .         Gourm    .     (helmet restricted)
rElec  .         Spirit   .     N - +1 cloak
rCorr  .         Warding  .     h - +2 pair of gloves
rMut   .         Stasis   .     (no boots)
MR     .....                    (no amulet)
Stlth  +++.......               (no ring)
                                i - ring of flight

@: very slightly contaminated, hasted, very quick, not resistant to hostile
enchantments, fairly stealthy
A: horns 1, yellow scales 1, cold resistance 1, icemail, nightstalker 1,
freezing cloud immunity, vulnerability to harm 1
a: Renounce Religion, Evoke Flight


You were on level 10 of the Dungeon.
You worshipped Ru.
Ru was noncommittal.
You were not hungry.

You visited 1 branch of the dungeon, and saw 8 of its levels.

You collected 524 gold pieces.

Inventory:

Hand weapons
 a - a +1 whip of flaming (weapon)
 b - a +1 hunting sling
 s - a +0 blowgun
 C - a +3 dagger
 D - a +2 short sword of speed
Missiles
 e - 3 needles of slowing
 j - 10 sling bullets
 n - 75 poisoned needles
 p - 3 silver javelins (quivered)
Armour
 f - a +1 robe
 h - a +2 pair of gloves (worn)
 t - a cursed +0 pair of gloves
 B - a +3 leather armour of cold resistance (worn)
 N - a +1 cloak (worn)
Magical staves
 u - an uncursed staff of death
Jewellery
 i - a ring of flight (left hand)
Magical devices
 c - a wand of random effects (8)
 r - a wand of enslavement (0)
 v - a wand of polymorph (4)
 w - a wand of frost (0)
 E - a wand of confusion (27)
 H - a wand of disintegration (0)
 J - a wand of lightning (0)
Scrolls
 m - 3 scrolls of identify
 q - 5 scrolls of remove curse
 y - 2 scrolls of magic mapping
 K - a scroll of amnesia
Potions
 g - 2 potions of degeneration
 k - 5 potions of curing
 x - a potion of ambrosia
 z - a potion of agility
 F - 2 potions of brilliance
Books
 d - a Young Poisoner's Handbook

   Spells                             Type                      Level
   a - Sting                          Conjuration/Poison           1
   b - Cure Poison                    Poison                       2
   c - Mephitic Cloud                 Conjuration/Poison/Air       3
   d - Olgreb's Toxic Radiance        Poison                       4
   e - Venom Bolt                     Conjuration/Poison           5
Comestibles
 l - 2 bread rations
 A - a chunk of flesh
 G - a meat ration
 I - 9 royal jellies
 L - 3 fruits
 M - 3 beef jerkies


   Skills:
 + Level 3.1 Fighting
 + Level 2.4 Short Blades
 + Level 1.4 Maces & Flails
 + Level 2.0(2.7) Slings
 + Level 2.6(3.0) Throwing
 + Level 3.1 Armour
 + Level 6.1 Dodging
 + Level 3.4 Stealth
 + Level 6.3 Spellcasting
 + Level 4.6 Conjurations
 + Level 1.2 Air Magic
 + Level 7.9 Poison Magic
 + Level 2.0 Evocations


You had 11 spell levels left.
You knew the following spells:

 Your Spells              Type           Power        Failure   Level  Hunger
a - Sting                 Conj/Pois      ####         1%          1    None
b - Cure Poison           Pois           #####.....   1%          2    None
c - Mephitic Cloud        Conj/Pois/Air  ###.....     10%         3    ##.....
d - Olgreb's Toxic Radia  Pois           #####...     8%          4    ####...


Dungeon Overview and Level Annotations

Branches:
Dungeon (10/15)            Temple (0/1) D:4
   Lair: D:8-11         Orc: D:9-12

Altars:
Cheibriados
Dithmenos
Elyvilon
Nemelex Xobeh
Ru
Vehumet
Xom
Yredelemnul
Zin

Shops:
D:5 (

Annotations:
D:5 Oddysee's ghost, average GrFi


Innate Abilities, Weirdness & Mutations

You have a pair of small horns on your head.
You are partially covered in yellow scales (AC +2).
Your flesh is cold resistant.
A meltable icy envelope protects you from harm (AC +0).
You are slightly more attuned to the shadows.
You are immune to freezing clouds.
You take slightly more damage. (-3 AC)


Message History

You feel sick.
The red ugly thing basks in the mutagenic energy from its kin and changes!
Casting: Mephitic Cloud
Confirm with . or Enter, or press ? or * to list all spells.
You are no longer poisoned.
The red ugly thing claws you.
* * * LOW HITPOINT WARNING * * *
You are engulfed in flames!!
Your icy envelope dissipates!
* * * LOW HITPOINT WARNING * * *
The red ugly thing basks in the mutagenic energy from its kin and changes!
Drink which item? (? for menu, Esc to quit)
You feel better. The red ugly thing barely misses you.
The cyan ugly thing misses you.
Drink which item? (? for menu, Esc to quit)
You feel yourself speed up. The red ugly thing closely misses you.
The cyan ugly thing kicks you.
* * * LOW HITPOINT WARNING * * *
The cyan ugly thing shocks you!
You die...

.#........#......PPP.............
.#.....)..#....#.................
.#........#..#.#.................
.###+##...#....#####..######.####
..#..##...######.###..# ##.####
..#.........##........# #......
..+.........##........# #......
..####'############'########...##
.......>........@uZ......###...##
................uuu......#.......
.........................#.......
...#.....................'.......
...>.....................##+#####
..####+###########..............u
#.# #...#.......'.............§u
..# #...'.......#.####.......###
..# #...#......[#.############ #


You could see 4 ugly things and a giant frog skeleton.

Vanquished Creatures
  Pikel (D:6)
  A hill giant (D:10)
  A hungry ghost (D:10)
  2 ice beasts
  A soldier ant (D:10)
  A slave (D:6)
  A wasp (D:10)
  An orc warrior (D:7)
  A sky beast (D:7)
  4 ogres
  A black bear (D:6)
  A spider (D:10)
  4 phantoms
  A necrophage (D:10)
  5 centaurs
  4 giant frogs
  Blork the orc (D:5)
  A big kobold (D:7)
  4 killer bees (D:7)
  2 scorpions
  A centaur zombie (D:7)
  2 crimson imps (D:10)
  2 giant frog zombies
  A giant frog skeleton (D:7)
  3 gnoll shamans (D:7)
  An orc priest (D:4)
  2 hounds
  A quasit (D:7)
  9 orc wizards
  2 iguanas (D:6)
  5 worker ants
  A worker ant zombie (D:7)
  13 gnolls
  16 adders
  2 shadow imps (D:6)
  2 oozes
  4 worms
  2 giant geckos
  30 orcs
  A bat zombie (D:6)
  9 giant cockroaches
  11 goblins
  18 hobgoblins
  10 kobolds
  5 quokkas
  16 bats
  5 giant newts
  5 jackals
  15 rats
  A fungus (D:10)
  A plant (D:7)
234 creatures vanquished.

Vanquished Creatures (others)
  A killer bee (D:7)
  An orc (D:6)
  A hobgoblin (D:6)
  6 fungi
  3 plants (D:7)
12 creatures vanquished.

Grand Total: 246 creatures vanquished

Notes
Turn   | Place    | Note
--------------------------------------------------------------
     0 | D:1      | bal the Demonspawn Venom Mage began the quest for the Orb.
     0 | D:1      | Reached XP level 1. HP: 13/13 MP: 3/3
   158 | D:1      | Gained mutation: You have a pair of small horns on your head. [demonic ancestry]
   158 | D:1      | Reached XP level 2. HP: 5/19 MP: 0/5
   260 | D:1      | Learned a level 2 spell: Cure Poison
   791 | D:1      | Reached XP level 3. HP: 25/25 MP: 2/6
  1390 | D:2      | Learned a level 3 spell: Mephitic Cloud
  1486 | D:2      | Gained mutation: You are slightly more attuned to the shadows. [demonic ancestry]
  1486 | D:2      | Reached XP level 4. HP: 31/31 MP: 5/7
  1569 | D:3      | Reached skill level 1 in Fighting
  1569 | D:3      | Reached skill level 1 in Conjurations
  1662 | D:3      | Reached XP level 5. HP: 19/37 MP: 1/8
  1772 | D:3      | Reached skill level 5 in Poison Magic
  2087 | D:3      | Noticed a phantom
  2097 | D:3      | Reached skill level 1 in Throwing
  2475 | D:3      | Gained mutation: You are partially covered in yellow scales (AC +2). [demonic ancestry]
  2475 | D:3      | Reached XP level 6. HP: 30/43 MP: 1/10
  2559 | D:3      | Killed a phantom
  2559 | D:3      | Reached skill level 1 in Short Blades
  2752 | D:4      | Found a shimmering altar of Xom.
  2871 | D:4      | Gained mutation: Your flesh is cold resistant. [demonic ancestry]
  2871 | D:4      | Reached XP level 7. HP: 48/48 MP: 5/11
  3097 | D:4      | Learned a level 4 spell: Olgreb's Toxic Radiance
  3236 | D:4      | Reached skill level 1 in Slings
  3264 | D:4      | Found a staircase to the Ecumenical Temple.
  3378 | D:4      | Found a basalt altar of Yredelemnul.
  3378 | D:4      | Found a snail-covered altar of Cheibriados.
  3378 | D:4      | Found a white marble altar of Elyvilon.
  3378 | D:4      | Found a shadowy altar of Dithmenos.
  3387 | D:4      | Found a radiant altar of Vehumet.
  3533 | D:4      | Reached skill level 1 in Air Magic
  3576 | D:5      | Entered Level 5 of the Dungeon
  3576 | D:5      | Found Ohoe's Antique Weapon Boutique.
  3593 | D:5      | Noticed Blork the orc
  3603 | D:5      | Killed Blork the orc
  3836 | D:5      | Reached skill level 6 in Poison Magic
  3869 | D:5      | Noticed Oddysee's ghost (average GrFi)
  4051 | D:6      | Gained mutation: You are immune to freezing clouds. [demonic ancestry]
  4051 | D:6      | Reached XP level 8. HP: 49/55 MP: 13/13
  4172 | D:6      | Reached skill level 1 in Armour
  4522 | D:6      | Noticed Pikel
  4555 | D:6      | Killed Pikel
  4865 | D:6      | Found a sacrificial altar of Ru.
  4874 | D:6      | Reached XP level 9. HP: 57/62 MP: 10/16
  4880 | D:6      | Became a worshipper of Ru the Awakened
  4899 | D:6      | Found a sparkling altar of Nemelex Xobeh.
  4953 | D:6      | Found a glowing silver altar of Zin.
  5309 | D:6      | Reached skill level 5 in Spellcasting
  5566 | D:7      | Reached skill level 1 in Evocations
  5743 | D:7      | Reached skill level 7 in Poison Magic
  6133 | D:7      | Reached skill level 5 in Dodging
  6528 | D:7      | You fall through a shaft for 3 floors!
  6528 | D:10     | Entered Level 10 of the Dungeon
  6542 | D:10     | Gained mutation: You take slightly more damage. (-3 AC) [Ru sacrifice]
  6595 | D:10     | Reached skill level 1 in Maces & Flails
  7079 | D:10     | Upgraded the game from 0.17-a0-1324-ga541562 to 0.17-a0-1337-ge651487
  7102 | D:10     | Gained mutation: A meltable icy envelope protects you from harm (AC +0). [demonic ancestry]
  7102 | D:10     | Reached XP level 10. HP: 44/69 MP: 9/19
  7234 | D:10     | Noticed a hill giant
  7254 | D:10     | Killed a hill giant
  7580 | D:10     | Noticed a brown ugly thing
  7584 | D:10     | Noticed a cyan ugly thing
  7726 | D:10     | Noticed a red ugly thing
  7726 | D:10     | Noticed a green ugly thing
  7726 | D:10     | Noticed a cyan ugly thing
  7727 | D:10     | Noticed a green ugly thing
  7764 | D:10     | HP: 3/70 [red ugly thing (18)]
  7766 | D:10     | Slain by a cyan ugly thing

Vault maps used:
D:1:      erik_arrival_triangle_large, serial_curves, eino_curves_03,
          eino_curves_01, minmay_misc_feat_plants, st_stairs_14
D:3:      first_bread, grunt_ministairs_3
D:4:      xom_teletrap_fun, minitemple, temple_pool_b
D:5:      serial_shops, nicolae_shop_crystal, uniq_eustachio,
          uniq_blork_the_orc, uniq_crazy_yiuf_cottage
D:6:      nicolae_ru_great_annihilating_truth, kennysheep_mini,
          nemelex_xobeh_ov_fountains_minmay, uniq_pikel
D:7:      kennysheep_seaside_town
D:10:     cheibrodos_breeding_chamber, hangedman_pestilent_swarm,
          minmay_gold_behind_fungi, hex_tiny

Action                   |  1- 3 |  4- 6 |  7- 9 | 10-12 || total
-------------------------+-------+-------+-------+-------++-------
Melee: Short sword       |    58 |   114 |   107 |       ||   279
       Unarmed           |     6 |       |       |       ||     6
       Whip              |       |       |   222 |    94 ||   316
 Fire: Hunting sling     |    11 |    10 |    27 |       ||    48
       Blowgun           |       |    24 |       |       ||    24
Throw: Javelin           |       |    15 |    17 |     7 ||    39
 Cast: Sting             |    74 |    80 |   146 |    17 ||   317
       Cure Poison       |     1 |     3 |    16 |     3 ||    23
       Mephitic Cloud    |       |    10 |    12 |     4 ||    26
       Olgreb's Toxic Ra |       |       |     7 |     1 ||     8
Invok: Sacrifice Health  |       |       |     1 |       ||     1
Evoke: Wand              |       |       |    17 |    10 ||    27
  Use: Potion            |     7 |     2 |     2 |     2 ||    13
       Scroll            |     6 |     1 |    15 |     1 ||    23
 Stab: Confused          |       |     2 |     1 |       ||     3
       Sleeping          |       |       |     4 |       ||     4
  Eat: Bread ration      |     1 |       |     2 |       ||     3
       Chunk             |       |     1 |     4 |       ||     5
       Meat ration       |       |     1 |     1 |       ||     2
       Beef jerky        |       |       |     1 |       ||     1
